 Dungeon Crawl Stone Soup version 0.26-a0-651-gb41185065b (webtiles) character file.

Game seed: 4991454381919072013

89 grandjackal the Ducker (level 4, -1/35 HPs)
             Began as a Demonspawn Gladiator on Sept 29, 2020.
             Slain by a centaur (6 damage)
             ... on level 3 of the Dungeon.
             The game lasted 00:02:28 (3298 turns).

grandjackal the Ducker (Demonspawn Gladiator)       Turns: 3298, Time: 00:02:29

Health: -1/35      AC:  4    Str: 15    XL:     4   Next: 31%
Magic:  4/4        EV: 13    Int:  9    God:
Gold:   130        SH:  0    Dex: 15    Spells: 3/3 levels left

rFire    . . .     SeeInvis .   a - +0 long sword
rCold    . . .     Faith    .   (no shield)
rNeg     . . .     Spirit   .   b - +0 leather armour
rPois    .         Reflect  .   c - +0 helmet
rElec    .         Harm     .   (no cloak)
rCorr    .         Rampage  .   (no gloves)
MR       .....                  (no boots)
Stlth    +.........             (no amulet)
HPRegen  0.11/turn              (no ring)
MPRegen  0.09/turn              (no ring)

@: no status effects
A: claws 1
a: no special abilities


You were on level 3 of the Dungeon.
You visited 1 branch of the dungeon, and saw 3 of its levels.

You collected 130 gold pieces.

Inventory:

Hand Weapons
 a - a +0 long sword (weapon)
 y - a +1 short sword of electrocution
Missiles
 d - 3 throwing nets (quivered)
 k - 14 poisoned darts
Armour
 b - a +0 leather armour (worn)
 c - a +0 helmet (worn)
 j - a +0 ring mail
Jewellery
 i - an uncursed ring of positive energy {unknown}
 t - an uncursed amulet of reflection {unknown}
 w - an uncursed ring of magical power {unknown}
Scrolls
 e - a scroll of magic mapping {unknown}
 f - 3 scrolls of enchant weapon {unknown}
 g - 3 scrolls of identify {unknown}
 h - a scroll of remove curse {unknown}
 m - 2 scrolls of teleportation {unknown}
 u - a scroll of enchant armour {unknown}
 x - a scroll of noise {unknown}
Potions
 l - a potion of heal wounds {unknown}
 n - 5 potions of curing {unknown}
 o - 2 potions of lignification {unknown}
 p - a potion of cancellation {unknown}
 q - a potion of magic {unknown}
 r - 2 potions of haste {unknown}
 s - a potion of might {unknown}
 v - a potion of degeneration {unknown}


   Skills:
 + Level 3.0 Fighting
 - Level 3.0 Long Blades
 - Level 1.7 Throwing
 + Level 1.1 Armour
 - Level 3.1 Dodging
 + Level 1.5 Unarmed Combat


You had 3 spell levels left.
You didn't know any spells.
Your spell library was empty.

Dungeon Overview and Level Annotations

Branches:
Dungeon (3/15)

Altars:
Elyvilon
Kikubaaqudgha
Nemelex Xobeh
Wu Jian
The Shining One


Innate Abilities, Weirdness & Mutations

You have sharp fingernails.


Message History

No target in view!
Found a long sword.
Found a helmet.
A centaur comes into view.
The centaur wields a +0 shortbow.
The centaur shoots an arrow.
The arrow hits you!
You see here an arrow.
The centaur shoots an arrow.
The arrow hits you!
You see here an arrow.
The centaur unwields a +0 shortbow.
The centaur hits you. The centaur misses you.
You riposte.
You hit the centaur but do no damage. You hit the centaur.
The centaur is lightly wounded.
The centaur barely misses you.
You slash the centaur!
The centaur is heavily wounded.
The centaur hits you.
* * * LOW HITPOINT WARNING * * *
The centaur hits you.
You die...

.#)#.###########.#
####'####
.#......<......#.#
#.....# #
.####.####.. #.#.#
#.....###
.#.........###.#.#
#........
.##.#....#.....#[#
#........
.##.#######......#
#........ .##.#..
+......# #........
.##.#.# #.....c#
######... ....#.#
#.....@# #...
#####.#####.####(#
####
...............(.#
#
#####.##......####
# #.##......# #
#.##......# #
#.##......# #
#.##......# #
#.##).....# #


You could see a centaur.

Vanquished Creatures
  3 adders
  An ooze (D:2)
  2 dart slugs
  A leopard gecko (D:3)
  3 orcs (D:3)
  5 ball pythons
  3 giant cockroaches
  5 goblins
  5 hobgoblins
  3 quokkas
  3 bats
  2 frilled lizards
  A giant cockroach zombie (D:2)
  8 kobolds
  A leopard gecko skeleton (D:2)
  4 rats
50 creatures vanquished.

Notes
Turn   | Place    | Note
-------+----------+-------------------------------------------
     0 | D:1      | grandjackal the Demonspawn Gladiator began the quest for
                  | the Orb.
     0 | D:1      | Reached XP level 1. HP: 16/16 MP: 1/1
   318 | D:1      | Gained mutation: You have sharp fingernails. [demonic
                  | ancestry]
   318 | D:1      | Reached XP level 2. HP: 9/22 MP: 2/2
  1486 | D:2      | Reached XP level 3. HP: 22/28 MP: 3/3
  1613 | D:2      | Found a sparkling altar of Nemelex Xobeh.
  1834 | D:2      | Reached skill level 1 in Unarmed Combat
  2185 | D:3      | Reached skill level 1 in Armour
  2185 | D:3      | Reached XP level 4. HP: 28/34 MP: 4/4
  2252 | D:3      | Found an ornate altar of the Wu Jian Council.
  2735 | D:3      | Found a glowing golden altar of the Shining One.
  2760 | D:3      | Found a white marble altar of Elyvilon.
  2763 | D:3      | Found an ancient bone altar of Kikubaaqudgha.
  3290 | D:3      | Noticed a centaur
  3298 | D:3      | Slain by a centaur

Illustrated notes

Levels and vault maps discovered:
D:1:      erik_arrival_cave_to_civilisation [erik_arrival_cave_to_hall],
          layout_basic, minmay_pentomino_u4
D:2:      layout_loops_ring, lemuel_round_altar, serial_undead, serial_undead_b,
          serial_undead_c, serial_undead_e, serial_undead_a
D:3:      layout_basic, tso_oasis_becter, grunt_temple_overflow_open,
          old_standard_altar, supply_closet_lemuel

Skill      XL: |  1  2  3  4 |
---------------+-------------+-----
Long Blades    | 3 |  3.0
Dodging        | 3 |  3.1
Unarmed Combat | 1 |  1.5
Armour         | 1 |  1.1
Fighting       | 3 |  3.0
Throwing       | |  1.7

Action                   |  1- 3 |  4- 6 || total
-------------------------+-------+-------++-------
Melee: Long sword        |    90 |    54 ||   144
Throw: Throwing net      |       |     2 ||     2
 Stab: Sleeping          |     1 |       ||     1
Armor: Leather armour    |    25 |    14 ||    39
Dodge: Dodged            |    67 |    44 ||   111
       Rpst.: Long sword |    21 |    11 ||    32

Table legend: (Time is in decaauts)
 A = Elapsed time spent in this place.
 B = Non-inter-level travel time spent in this place.
 C = Inter-level travel time spent in this place.
 D = Time resting spent in this place.
 E = Time spent auto-exploring this place.
 F = Levels seen in this place.
 G = Mean time per level.
                   A        B        C        D        E       F      G
               +--------+--------+--------+--------+--------+-----+--------+
         Total |   3333 |   3300 |     33 |   1216 |   1679 |   3 | 1111.0 |
       Dungeon |   3333 |   3300 |     33 |   1216 |   1679 |   3 | 1111.0 |
               +--------+--------+--------+--------+--------+-----+--------+

Top non-repeatable levels by time:
     D:3: 1433 daAuts
     D:1: 1123 daAuts
     D:2: 776 daAuts
